 Dungeon Crawl Stone Soup version 0.26-a0-639-g72c4674329 (webtiles) character file.

Game seed: 707351612867247010

819 Borgoz the Skirmisher (level 7, -2/46 HPs)
             Began as a Gargoyle Berserker on Sept 18, 2020.
             Was a Priest of Trog.
             Slain by an orc warrior
             ... wielding a +0 trident
              (14 damage)
             ... on level 6 of the Dungeon.
             The game lasted 00:04:53 (5627 turns).

Borgoz the Skirmisher (Gargoyle Berserker)          Turns: 5627, Time: 00:04:53

Health: -2/46      AC: 13    Str: 27    XL:     7   Next: 95%
Magic:  7/7        EV: 11    Int:  7    God:    Trog [***...]
Gold:   384        SH:  0    Dex: 11    Spells: 6/6 levels left

rFire    . . .     SeeInvis .   b - +0 morningstar
rCold    . . .     Faith    .   (no shield)
rNeg     + . .     Spirit   .   r - +0 scale mail
rPois    ∞         Reflect  .   (no helmet)
rElec    +         Harm     .   (no cloak)
rCorr    .         Rampage  .   (no gloves)
MR       .....                  l - +0 pair of boots
Stlth    ..........             (no amulet)
HPRegen  0.15/turn              i - +6 ring of strength
MPRegen  0.10/turn              (no ring)

@: very slightly contaminated, invisible
A: negative energy resistance 1, electricity resistance, unbreathing,
petrification resistance, rot immunity, AC +4
a: Berserk, Trog's Hand, Renounce Religion


You were on level 6 of the Dungeon.
You worshipped Trog.
Trog was most pleased with you.
You visited 1 branch of the dungeon, and saw 6 of its levels.

You collected 384 gold pieces.

Inventory:

Hand Weapons
 b - a +0 morningstar (weapon)
Armour
 l - a +0 pair of boots (worn)
 r - a +0 scale mail (worn)
Jewellery
 i - a +6 ring of strength (left hand)
Scrolls
 a - a scroll of magic mapping {unknown}
 c - a scroll of noise {unknown}
 d - a scroll of amnesia {unknown}
 e - 7 scrolls of teleportation
 g - 2 scrolls of enchant armour {unknown}
 h - a scroll of blinking {unknown}
 n - 4 scrolls of remove curse
 o - a scroll of fog {unknown}
Potions
 f - a potion of lignification
 j - 2 potions of haste {unknown}
 k - 3 potions of stabbing {unknown}
 m - a potion of flight
 p - 2 potions of brilliance {unknown}
 s - 2 potions of heal wounds {unknown}
 t - a potion of might
 u - a potion of curing {unknown}
 w - a potion of mutation {unknown}


   Skills:
 * Level 6.0 Fighting
 * Level 5.4 Maces & Flails
 * Level 5.4 Armour
 + Level 3.0 Dodging


You had 6 spell levels left.
You didn't know any spells.
Your spell library was empty.

Dungeon Overview and Level Annotations

Branches:
Dungeon (6/15)
 Temple: D:4-7

Altars:
Elyvilon
Hepliaklqana
Kikubaaqudgha
Sif Muna
Vehumet
Xom


Innate Abilities, Weirdness & Mutations

You are resistant to torment.
Your stone body is resilient. (AC +4)
You are immune to poison.
You resist negative energy. (rN+)
You are resistant to electric shocks. (rElec)
You can survive without breathing.
You are immune to petrification.
You are immune to rotting.


Message History

* * * LOW HITPOINT WARNING * * *
The orc warrior barely misses you.
You hit something. Something hits you.
* * * LOW HITPOINT WARNING * * *
The orc warrior barely misses you.
You fade into invisibility!
You hear some strange, mumbled words.
A puff of frost appears from out of thin air!
The puff of frost hits you but does no damage.
The orc wizard points at you and mumbles some strange words.
The magic dart hits the orc warrior.
The orc wizard casts a spell at you.
The magic dart hits something!
Reactivating autopickup.
You feel a bit more experienced.
The orc warrior shouts!
You are very lightly contaminated with residual magic.
The shadow imp grins evilly.
The orc warrior hits you from afar with a +0 trident!
You die...

###### ##### #....# #...#
#.##'###.#.# #......#.#.#
#####......'.#.# ..#
#..o.@.....###.#
#.######5###.....#...#
#..........+.....#.####
...######5###(....#....##
######.#..5...#.......###...#
.....#.#o#######......###...#
.......#.##.[...........'...#
.......#5##.####.#.#.####...#
.(o.o..o5...........># #####


You could see an orc warrior and a shadow imp.

Vanquished Creatures
  Sigmund (D:3)
  An ice beast (D:5)
  An ogre (D:6)
  A scorpion (D:5)
  3 hounds
  Terence (D:3)
  An iguana (D:5)
  3 worker ants
  A howler monkey zombie (D:5)
  8 adders
  3 gnolls (D:6)
  2 oozes
  An adder skeleton (D:4)
  A worm (D:3)
  3 dart slugs
  2 leopard geckos
  3 orcs
  5 giant cockroaches
  3 goblins
  7 hobgoblins
  6 jackals
  2 quokkas (D:3)
  3 ball pythons
  8 bats
  5 frilled lizards
  3 kobolds
  A quokka skeleton (D:5)
  2 rats (D:1)
81 creatures vanquished.

Vanquished Creatures (others)
  An orc wizard (D:6)
  3 fungi (D:3)
  6 toadstools (D:3)
10 creatures vanquished.

Grand Total: 91 creatures vanquished

Notes
Turn   | Place    | Note
-------+----------+-------------------------------------------
     0 | D:1      | Borgoz the Gargoyle Berserker began the quest for the Orb.
     0 | D:1      | Reached XP level 1. HP: 14/14 MP: 1/1
   256 | D:1      | Reached XP level 2. HP: 11/19 MP: 2/2
   914 | D:2      | Reached XP level 3. HP: 11/24 MP: 3/3
  1466 | D:2      | Found a faded altar of an unknown god.
  1673 | D:2      | Reached ** piety under Trog
  2120 | D:3      | Noticed Terence
  2131 | D:3      | Killed Terence
  2131 | D:3      | Reached skill level 4 in Fighting
  2131 | D:3      | Reached XP level 4. HP: 20/29 MP: 4/4
  2235 | D:3      | Found a white marble altar of Elyvilon.
  2383 | D:3      | Found a hazy altar of Hepliaklqana.
  2607 | D:3      | Reached XP level 5. HP: 34/34 MP: 5/5
  2685 | D:3      | Noticed Sigmund
  2699 | D:3      | Killed Sigmund
  2699 | D:3      | Reached XP level 6. HP: 17/40 MP: 6/6
  3252 | D:4      | Reached skill level 5 in Fighting
  3328 | D:4      | You fall into a shaft and drop 2 floors!
  3749 | D:5      | Entered Level 5 of the Dungeon
  3846 | D:5      | Reached XP level 7. HP: 44/44 MP: 7/7
  4049 | D:5      | Reached skill level 5 in Maces & Flails
  4131 | D:5      | Found a radiant altar of Vehumet.
  4255 | D:5      | Reached *** piety under Trog
  4426 | D:4      | Reached skill level 5 in Armour
  4865 | D:5      | Found a shimmering blue altar of Sif Muna.
  4998 | D:5      | Found an ancient bone altar of Kikubaaqudgha.
  5000 | D:5      | Found a shimmering altar of Xom.
  5502 | D:6      | Reached skill level 6 in Fighting
  5627 | D:6      | Slain by an orc warrior

Illustrated notes

Levels and vault maps discovered:
D:1:      roderic_crossed_star, layout_rooms
D:2:      minmay_spotlight, layout_basic, chequers_ecumenical_altar_island,
          minmay_tree_intersection, chequers_serial_rivers_micro_b
D:3:      layout_basic, old_standard_altar, lemuel_doored_altar,
          minmay_gold_behind_fungi, uniq_sigmund, uniq_terence
D:4:      layout_gridville
D:5:      layout_basic, fiery_altar_vehumet,
          chequers_temple_overflow_statue_of_worship, led_sif_pool
D:6:      layout_basic, kennysheep_generic_room_11

Skill      XL: |  1  2  3  4  5  6  7 |
---------------+----------------------+-----
Fighting       | 4 5 6 |  6.0
Armour         | 3 4 5 |  5.4
Dodging        | 2 3 |  3.0
Maces & Flails | 4 5 |  5.4

Action                   |  1- 3 |  4- 6 |  7- 9 || total
-------------------------+-------+-------+-------++-------
Melee: Mace              |   126 |    36 |       ||   162
       Morningstar       |       |    73 |    95 ||   168
Invok: Berserk           |     1 |     1 |       ||     2
  Use: Scroll            |       |     2 |     4 ||     6
       Potion            |       |       |     1 ||     1
 Stab: Sleeping          |     1 |       |       ||     1
Armor: Animal skin       |    72 |     4 |       ||    76
       Scale mail        |       |    63 |    71 ||   134
Dodge: Dodged            |   139 |    74 |    89 ||   302

Table legend: (Time is in decaauts)
 A = Elapsed time spent in this place.
 B = Non-inter-level travel time spent in this place.
 C = Inter-level travel time spent in this place.
 D = Time resting spent in this place.
 E = Time spent auto-exploring this place.
 F = Levels seen in this place.
 G = Mean time per level.
                   A        B        C        D        E       F      G
               +--------+--------+--------+--------+--------+-----+--------+
         Total |   5737 |   5527 |    210 |    878 |   3940 |   6 |  956.2 |
       Dungeon |   5737 |   5527 |    210 |    878 |   3940 |   6 |  956.2 |
               +--------+--------+--------+--------+--------+-----+--------+

Top non-repeatable levels by time:
     D:2: 1237 daAuts
     D:5: 1171 daAuts
     D:3: 1073 daAuts
     D:1: 905 daAuts
     D:4: 702 daAuts
     D:6: 647 daAuts
